[Event "Is Bankasi Online Satranc Turn 17-18 YAS"]
[Site "T#646243Mustafa Kemal"]
[Date "2020.05.22"]
[Round "4"]
[White "Umuterdemgundu70"]
[Black "tunaonatnalban08"]
[Result "1/2-1/2"]
[WhiteElo "1815"]
[BlackElo "2048"]
[Annotator "NA RC"]
[PlyCount "71"]
[EventDate "2020.05.22"]
[EventType "swiss (blitz)"]
[TimeControl "180+2"]

1. e4 c6 2. d4 d5 3. Nc3 g6 4. h3 Bg7 5. Nf3 Nh6 6. Bd3 O-O 7. O-O f6 8. Bf4 Nf7 9. e5 fxe5 10. Nxe5 Nxe5 11. Bxe5 Bxe5 12. dxe5 Bf5 13. Ne2 c5 14. Bxf5 Rxf5 15. f4 Nc6 16. Ng3 Rf7 17. Qg4 Nd4 18. c3 Nf5 19. Rf2 e6 20. Nf1 d4 21. Rd1 Qb6 22. Qe2 Rd8 23. g4 Nh4 24. Ng3 dxc3 25. bxc3 Rxd1+ 26. Qxd1 c4 27. Kf1 Rf8 28. Ne4 Rd8 29. Rd2 Rxd2 30. Qxd2 Qb1+ 31. Kf2 Qxe4 32. Qd8+ Kg7 33. Qf6+ Kg8 34. Qd8+ Kg7 35. Qf6+ Kg8 36. Qd8+ {[%emt 0:00:01] (Lag: Av=0.58s, max=9.9s)} 1/2-1/2

[Event "Is Bankasi Online Satranc Turn 17-18 YAS"]
[Site "T#646243Mustafa Kemal"]
[Date "2020.05.22"]
[Round "4"]
[White "Alparslanisik80"]
[Black "Omeramirakdag30"]
[Result "1-0"]
[WhiteElo "1750"]
[BlackElo "1940"]
[Annotator "NA RC"]
[PlyCount "151"]
[EventDate "2020.05.22"]
[EventType "swiss (blitz)"]
[TimeControl "180+2"]

1. d4 Nf6 2. c4 g6 3. Nc3 Bg7 4. e4 d6 5. Be2 O-O 6. Nf3 Na6 7. O-O e5 8. Re1 exd4 9. Nxd4 Nc5 10. f3 Re8 11. Bg5 h6 12. Bh4 Be6 13. Bf2 Nh5 14. Qd2 Kh7 15. Rad1 Be5 16. g3 Bg7 17. b4 Nd7 18. Kg2 Re7 19. Nd5 Bxd5 20. exd5 Qe8 21. Bd3 Ne5 22. Bf1 a6 23. h3 Qf8 24. f4 Nd7 25. Rxe7 Qxe7 26. Re1 Qf8 27. Qe2 Nhf6 28. Qf3 Re8 29. Rxe8 Qxe8 30. Bd3 Nf8 31. h4 h5 32. f5 Ng4 33. Bg1 Bh6 34. fxg6+ fxg6 35. Be4 Bg7 36. Qd3 Qe5 37. Nf3 Qb2+ 38. Kh3 Bf6 39. a3 {[%emt 0:00:21] .} Kg7 40. Nd4 Qc1 41. Ne2 Qb2 42. Kg2 Qe5 43. Bd4 Qe7 44. Bf3 Bxd4 45. Nxd4 Ne3+ 46. Kf2 Ng4+ 47. Bxg4 hxg4 48. Qe3 Qf6+ 49. Qf4 Nd7 50. Ke3 Ne5 51. Ne6+ Kf7 52. Ng5+ Ke7 53. c5 dxc5 54. bxc5 Qxf4+ 55. Kxf4 Nd3+ 56. Kxg4 Nxc5 57. Kf4 Nd3+ 58. Ke4 Nf2+ 59. Kf3 Nd3 60. Ne4 c6 61. d6+ Ke6 62. g4 b5 63. h5 gxh5 64. gxh5 Ne5+ 65. Kf4 Nf7 66. Ng5+ Nxg5 67. Kxg5 Kxd6 68. h6 c5 69. h7 b4 70. axb4 cxb4 71. h8=Q Kc5 72. Kf4 Kb5 73. Ke3 a5 74. Kd2 Ka4 75. Kc2 Ka3 76. Qa1# {[%emt 0:00:02] (Lag: Av=1.22s, max=5.6s)} 1-0

[Event "Is Bankasi Online Satranc Turn 17-18 YAS"]
[Site "T#646243Mustafa Kemal"]
[Date "2020.05.22"]
[Round "4"]
[White "Kemalalpcakir74"]
[Black "Canberkgiray40"]
[Result "0-1"]
[WhiteElo "1741"]
[BlackElo "1711"]
[Annotator "NA RC"]
[PlyCount "62"]
[EventDate "2020.05.22"]
[EventType "swiss (blitz)"]
[TimeControl "180+2"]

1. e4 e6 2. d4 d5 3. exd5 exd5 4. Nf3 Nf6 5. Bd3 Bd6 6. O-O O-O 7. h3 c6 8. Nbd2 Nbd7 9. Nb3 Qc7 10. Re1 Re8 11. Rxe8+ Nxe8 12. Be3 Nef6 13. c3 Nf8 14. Qc2 Bd7 15. Bg5 Be7 16. Re1 Be6 17. Nc5 Bxc5 18. Bxf6 Be7 19. Bxe7 Qxe7 20. Ne5 Qf6 21. Kh2 Ng6 22. Nxg6 hxg6 23. Re3 Re8 24. Rf3 Qg5 25. Rg3 Qf4 26. Kg1 Bd7 27. Qd1 Bf5 28. Bxf5 Qxf5 29. Qd3 Re1+ 30. Kh2 Qxf2 31. Qf3 Qg1# {[%emt 0:00:02] (Lag: Av=0.53s, max=0.9s)} 0-1

[Event "Is Bankasi Online Satranc Turn 17-18 YAS"]
[Site "T#646243Mustafa Kemal"]
[Date "2020.05.22"]
[Round "4"]
[White "Ahmetemreoztur80"]
[Black "Ibrahimisik76"]
[Result "1-0"]
[WhiteElo "1711"]
[BlackElo "1529"]
[Annotator "NA RC"]
[PlyCount "105"]
[EventDate "2020.05.22"]
[EventType "swiss (blitz)"]
[TimeControl "180+2"]

1. d4 d5 2. c4 e6 3. Nc3 c6 4. Nf3 Ne7 5. Bf4 Ng6 6. Bg3 Nd7 7. e3 Be7 8. Bd3 f5 9. O-O O-O 10. Rc1 Nf6 11. Ne5 Nxe5 12. Bxe5 Bd6 13. Bxd6 Qxd6 14. cxd5 exd5 15. Qc2 Ne4 16. f3 Nxc3 17. bxc3 Bd7 18. c4 Rae8 19. Rfe1 a6 20. Qb3 Bc8 21. cxd5 cxd5 22. Rc5 Rd8 23. Rec1 h6 24. e4 fxe4 25. fxe4 Qf4 {[%emt 0:00:05] '} 26. exd5 Qf2+ 27. Kh1 Qf4 28. d6+ Kh8 29. Rc7 Qxd6 30. Bb1 Qxd4 31. Qg3 Qf6 32. h3 b5 33. Qb3 Be6 34. Qc2 Bf5 35. Qxf5 Qxf5 36. Bxf5 Rxf5 37. R7c6 Rf6 38. Rc7 Ra8 39. Rb7 Rd8 40. Rcc7 Rg8 41. Ra7 Kh7 42. Rc3 Re8 43. Ra3 Ree6 44. Kh2 Kg6 45. Rg3+ Kh7 46. Rgxg7+ Kh8 47. Rh7+ Kg8 48. Rhg7+ Kf8 49. Rh7 Kg8 50. Rhb7 Rf8 51. Rg7+ Kh8 52. Rh7+ Kg8 53. Rag7# {[%emt 0:00:00] (Lag: Av=2.37s, max=88.9s)} 1-0

[Event "Is Bankasi Online Satranc Turn 17-18 YAS"]
[Site "T#646243Mustafa Kemal"]
[Date "2020.05.22"]
[Round "4"]
[White "Furkancan12"]
[Black "Kayrakamer68"]
[Result "0-1"]
[WhiteElo "1711"]
[BlackElo "1750"]
[Annotator "NA RC"]
[PlyCount "64"]
[EventDate "2020.05.22"]
[EventType "swiss (blitz)"]
[TimeControl "180+2"]

1. d4 Nf6 2. Nf3 g6 3. Nbd2 Bg7 4. e4 d6 5. Bd3 O-O 6. O-O c5 7. c3 cxd4 8. cxd4 Nc6 9. a3 Bg4 10. h3 Bxf3 11. Nxf3 Rc8 12. Re1 Nd7 13. Be3 a6 14. Rc1 Qa5 15. Qe2 Qb6 16. d5 Nd4 17. Nxd4 Bxd4 18. Bxd4 Qxd4 19. Bb1 Ne5 20. Red1 Qb6 21. Kh2 Qb3 22. f4 Nd7 23. Rxc8 Rxc8 24. Rd3 Qa4 25. Qg4 Rc1 26. b3 Qxe4 27. Qxd7 Rxb1 28. Rf3 b5 29. f5 Qe5+ 30. Rg3 Rxb3 31. Qc8+ Kg7 32. f6+ exf6 {[%emt 0:00:01] Furkancan12 terk eder (Lag: Av=0.26s, max=0.6s)} 0-1

[Event "Is Bankasi Online Satranc Turn 17-18 YAS"]
[Site "T#646243Mustafa Kemal"]
[Date "2020.05.22"]
[Round "4"]
[White "Dogukangureke78"]
[Black "emreerdal60"]
[Result "1-0"]
[WhiteElo "1686"]
[BlackElo "1722"]
[Annotator "NA RC"]
[PlyCount "63"]
[EventDate "2020.05.22"]
[EventType "swiss (blitz)"]
[TimeControl "180+2"]

1. d4 d5 2. c4 e6 3. g3 Nf6 4. Nf3 Be7 5. Bg2 O-O 6. O-O c6 7. Nc3 Nbd7 8. Nd2 Qc7 9. e4 dxe4 10. Ndxe4 e5 11. d5 cxd5 12. cxd5 Nxe4 13. Nxe4 Bd6 14. Be3 f5 15. Rc1 Qb8 16. Nxd6 Qxd6 17. f4 e4 18. Qd4 b6 19. Rc6 Qe7 20. Rc7 Ba6 21. Rfc1 Rac8 22. d6 Qe6 23. Rxa7 Rxc1+ 24. Bxc1 Rc8 25. Bd2 Bb5 26. Bc3 Nf6 27. Qxb6 Qc4 28. Qb7 Qc5+ 29. Kh1 Ne8 30. d7 Rc7 31. dxe8=Q+ Bxe8 32. Qxc7 {[%emt 0:00:02] emreerdal60 resigns (Lag: Av=0.71s, max=1.3s)} 1-0

[Event "Is Bankasi Online Satranc Turn 17-18 YAS"]
[Site "T#646243Mustafa Kemal"]
[Date "2020.05.22"]
[Round "4"]
[White "Ibrahimsunguro94"]
[Black "Ataberkturkmen48"]
[Result "0-1"]
[WhiteElo "1686"]
[BlackElo "1658"]
[Annotator "NA RC"]
[PlyCount "46"]
[EventDate "2020.05.22"]
[EventType "swiss (blitz)"]
[TimeControl "180+2"]

1. d4 Nf6 2. c4 e6 3. Nc3 Bb4 4. Nf3 b6 5. e3 Bb7 6. Bd3 O-O 7. O-O Bxc3 8. bxc3 d6 9. Re1 Ne4 10. Qc2 f5 11. Nd2 Nxd2 12. Bxd2 Qg5 13. e4 Qg6 14. g3 f4 15. e5 Qh5 16. Bf1 fxg3 17. fxg3 Qf3 18. Bf4 Qh1+ 19. Kf2 Qxh2+ 20. Ke3 Qxc2 21. Bd3 Qg2 22. Rf1 dxe5 23. Bxe5 Nd7 {[%emt 0:00:03] Zaman (Lag: Av=0.60s, max=2.3s)} 0-1

[Event "Is Bankasi Online Satranc Turn 17-18 YAS"]
[Site "T#646243Mustafa Kemal"]
[Date "2020.05.22"]
[Round "4"]
[White "Tarikemretay96"]
[Black "keremerdal34"]
[Result "0-1"]
[WhiteElo "1630"]
[BlackElo "1658"]
[Annotator "NA RC"]
[PlyCount "132"]
[EventDate "2020.05.22"]
[EventType "swiss (blitz)"]
[TimeControl "180+2"]

1. d4 d5 2. Nf3 Nf6 3. Bf4 Bf5 4. e3 e6 5. Bd3 Bg6 6. Ne5 Nbd7 7. Nxg6 hxg6 8. Nd2 c5 9. c3 c4 10. Bc2 Nb6 11. Ba4+ Nxa4 12. Qxa4+ Qd7 13. Qxd7+ Kxd7 14. h3 Bd6 15. Bxd6 Kxd6 16. O-O-O b5 17. b3 a5 18. Rhe1 Rhc8 19. Kb2 b4 20. bxc4 dxc4 21. e4 Ke7 22. d5 exd5 23. exd5+ Kf8 24. Ne4 Nd7 25. d6 Nc5 26. Nxc5 Rxc5 27. d7 Rd8 28. Re2 Rc7 29. Red2 Ke7 30. Re1+ Kf8 31. Red1 f6 32. Rd5 Kf7 33. Rxa5 Rcxd7 34. Rxd7+ Rxd7 35. cxb4 Rd2+ 36. Kc3 Rxf2 37. Kxc4 Rxg2 38. b5 Ke6 39. Kc5 Rc2+ 40. Kb6 Kd6 41. Ka7 Rc7+ 42. Ka8 Rc8+ 43. Ka7 Rc7+ 44. Ka6 Rc8 45. b6 Ra8+ 46. Kb5 Rb8 47. Ra7 f5 48. Ka6 Kc6 49. b7 f4 50. a4 f3 51. Ra8 Rxb7 52. Rf8 Rb4 53. Ka7 Rxa4+ 54. Kb8 Rb4+ 55. Kc8 Rb3 56. Kd8 Kd6 57. Ke8 Rb8+ 58. Kf7 Rxf8+ 59. Kxf8 f2 60. Kxg7 f1=Q 61. Kxg6 Qxh3 62. Kg7 Qf5 63. Kg8 Qd7 64. Kh8 Ke6 65. Kg8 Kf6 66. Kh8 Qg7# {[%emt 0:00:01] (Lag: Av=0.98s, max=1.4s) Tarikemretay96 terk eder} 0-1

[Event "Is Bankasi Online Satranc Turn 17-18 YAS"]
[Site "T#646243Mustafa Kemal"]
[Date "2020.05.22"]
[Round "4"]
[White "Emrecankaratas76"]
[Black "Emrekocakaplan04"]
[Result "1/2-1/2"]
[WhiteElo "1620"]
[BlackElo "1752"]
[Annotator "NA RC"]
[PlyCount "127"]
[EventDate "2020.05.22"]
[EventType "swiss (blitz)"]
[TimeControl "180+2"]

1. e4 c5 2. Nf3 Nc6 3. d4 cxd4 4. Nxd4 Nf6 5. Nc3 e5 6. Ndb5 d6 7. Na3 Be7 8. Bg5 O-O 9. Be2 Nxe4 10. Bxe7 Nxc3 11. Bxd8 Nxd1 12. Rxd1 Rxd8 13. Nb5 Bf5 14. c3 Be6 15. Nc7 Rac8 16. Nxe6 fxe6 17. Bf3 d5 18. Bg4 Kf7 19. O-O Ke7 20. f4 exf4 21. Rxf4 Rf8 22. Ra4 a6 23. Re1 Rf6 24. Bh3 Rcf8 25. Rh4 h6 26. Rh5 e5 27. g3 Kd6 28. Bg2 Rf5 29. Rh4 e4 30. Rg4 g5 31. Rd1 Ne5 32. Rxe4 Nf3+ 33. Bxf3 Rxf3 34. Red4 R8f5 35. Rb4 b5 36. Rbd4 Re3 37. a3 Re2 38. R1d2 Rxd2 39. Rxd2 Kc5 40. Kg2 Kc4 41. g4 Re5 42. Kf3 Kb3 43. h3 a5 44. Kg3 a4 45. h4 Ka2 46. hxg5 hxg5 47. Kf3 Kb1 48. Rh2 Re1 49. Rd2 Re5 50. Rh2 Re4 51. Rh5 Kxb2 52. Rxg5 Kxc3 53. Rxd5 Kb3 54. Rxb5+ Kxa3 55. g5 Re8 56. Kf4 Ka2 57. Ra5 a3 58. g6 Re1 59. Kg5 Rg1+ 60. Kh6 Kb2 61. Kg7 a2 62. Rb5+ Ka1 63. Kf7 Rxg6 64. Kxg6 {[%emt 0:00:01] (Lag: Av=0.44s, max=0.9s)} 1/2-1/2

[Event "Is Bankasi Online Satranc Turn 17-18 YAS"]
[Site "T#646243Mustafa Kemal"]
[Date "2020.05.22"]
[Round "4"]
[White "Hakansimsek70"]
[Black "Burakcanaksoz58"]
[Result "1-0"]
[WhiteElo "1620"]
[BlackElo "1749"]
[Annotator "NA RC"]
[PlyCount "67"]
[EventDate "2020.05.22"]
[EventType "swiss (blitz)"]
[TimeControl "180+2"]

1. e4 c5 2. Nc3 Nc6 3. f4 e6 4. Nf3 d5 5. d3 Be7 6. g3 Nf6 7. Bg2 O-O 8. O-O b6 9. e5 Nd7 10. Bd2 Bb7 11. Qe2 Rc8 12. a3 a6 13. Rad1 b5 14. g4 c4 15. d4 Qb6 16. Be3 b4 17. axb4 Nxb4 18. f5 a5 19. Ng5 Bxg5 20. Bxg5 Nc6 21. Qd2 Ba6 22. f6 Qxb2 23. Rb1 Qa3 24. Ra1 Qb4 25. Rfb1 Qxb1+ 26. Rxb1 Nb4 27. fxg7 Kxg7 28. Bh6+ Kh8 29. Rf1 a4 30. Bxf8 Rxf8 31. Qh6 Rg8 32. Rxf7 Nf8 33. Qf6+ Rg7 34. Rxf8# {[%emt 0:00:01] (Lag: Av=0.88s, max=1.9s)} 1-0

[Event "Is Bankasi Online Satranc Turn 17-18 YAS"]
[Site "T#646243Mustafa Kemal"]
[Date "2020.05.22"]
[Round "4"]
[White "Ahmetburakgurs66"]
[Black "batuhantasagil42"]
[Result "1-0"]
[WhiteElo "1593"]
[BlackElo "1530"]
[Annotator "NA RC"]
[PlyCount "55"]
[EventDate "2020.05.22"]
[EventType "swiss (blitz)"]
[TimeControl "180+2"]

1. d4 Nf6 2. c4 e6 3. Nc3 d5 4. Bg5 dxc4 5. e4 Bb4 6. Qa4+ Nc6 7. d5 Bxc3+ 8. bxc3 exd5 9. exd5 Qe7+ 10. Be2 Qe5 11. Bd2 Qxd5 12. Nf3 Bg4 13. O-O Qe6 14. Nd4 Qd6 15. Bxg4 Nxg4 16. Rfe1+ Nge5 17. f4 O-O 18. fxe5 Nxe5 19. Bf4 Rfe8 20. Rad1 Qf6 21. Rf1 Ng6 22. Bg3 Qa6 23. Qxa6 bxa6 24. Bxc7 Ne5 25. Bxe5 Rxe5 26. Nc6 Ree8 27. Rd7 Rac8 28. Ne7+ {[%emt 0:00:01] batuhantasagil42 terk eder (Lag: Av=0.61s, max=0.9s)} 1-0

[Event "Is Bankasi Online Satranc Turn 17-18 YAS"]
[Site "T#646243Mustafa Kemal"]
[Date "2020.05.22"]
[Round "4"]
[White "Bugrahansahin14"]
[Black "Orhanerenkarab68"]
[Result "1/2-1/2"]
[WhiteElo "1583"]
[BlackElo "1583"]
[Annotator "NA RC"]
[PlyCount "106"]
[EventDate "2020.05.22"]
[EventType "swiss (blitz)"]
[TimeControl "180+2"]

1. e4 e5 2. Nf3 Nc6 3. Bc4 Bc5 4. d3 d6 5. Ng5 Nh6 6. c3 O-O 7. h3 Kh8 8. Qf3 f6 9. Ne6 Bxe6 10. Bxe6 Qe7 11. Bxh6 Qxe6 12. Bd2 Rad8 13. b4 Bb6 14. O-O d5 15. exd5 Qxd5 16. Be3 Bxe3 17. Qxd5 Rxd5 18. fxe3 Rxd3 19. e4 Rfd8 20. Na3 Rxc3 21. Nb5 Rc4 22. Nxc7 Nd4 23. Nd5 Ne2+ 24. Kh2 Rxe4 25. Rae1 Rxd5 26. a3 Nc3 27. Rc1 Rc4 28. Rf3 g5 29. Rfxc3 Rxc3 30. Rxc3 a6 31. Rc7 Rd3 32. Rxb7 Rxa3 33. Rb6 Rb3 34. Rxa6 f5 35. Ra5 Rxb4 36. Rxe5 Rf4 37. g3 Rf2+ 38. Kg1 Rf3 39. Kg2 Rd3 40. Rxf5 h6 41. Rf7 Kg8 42. Rc7 Kh8 43. Kf2 Kg8 44. Kg2 Kh8 45. Rc4 Kg7 46. h4 Kg6 47. Rg4 Rd5 48. Kf3 Kf5 49. hxg5 Rd3+ 50. Ke2 hxg5 51. Rxg5+ Kxg5 52. Kxd3 Kg4 53. Ke3 Kxg3 {[%emt 0:00:01] (Lag: Av=0.77s, max=1.2s)} 1/2-1/2

[Event "Is Bankasi Online Satranc Turn 17-18 YAS"]
[Site "T#646243Mustafa Kemal"]
[Date "2020.05.22"]
[Round "4"]
[White "Merttosun42"]
[Black "Ahmetay38"]
[Result "1-0"]
[WhiteElo "1583"]
[BlackElo "1620"]
[Annotator "NA RC"]
[PlyCount "63"]
[EventDate "2020.05.22"]
[EventType "swiss (blitz)"]
[TimeControl "180+2"]

1. e4 c6 2. c4 d5 3. cxd5 cxd5 4. Bb5+ Nc6 5. Qa4 Bd7 6. exd5 Nf6 7. dxc6 bxc6 8. Bxc6 Bxc6 9. Qxc6+ Nd7 10. d4 Rc8 11. Qe4 Rxc1+ 12. Ke2 Nf6 13. Qe3 Rc2+ 14. Nd2 e6 15. a3 Rxb2 16. Ngf3 Ng4 17. Qc3 Rb7 18. h3 Nf6 19. Ne5 Qd6 20. Qc8+ Qd8 21. Qxb7 Bd6 22. Qc6+ Kf8 23. Ndc4 Bxe5 24. Nxe5 Ne8 25. Rhd1 f6 26. Nd7+ Ke7 27. Nc5 Nc7 28. Rab1 Kf7 29. Rb7 Kf8 30. Rxc7 Qe8 31. Nxe6+ Qxe6+ {[%emt 0:00:02] Ahmetay38 terk eder} 32. Qxe6 {[%emt 0:00:02] (Lag: Av=0.58s, max=0.8s)} 1-0

[Event "Is Bankasi Online Satranc Turn 17-18 YAS"]
[Site "T#646243Mustafa Kemal"]
[Date "2020.05.22"]
[Round "4"]
[White "Ozgurkazak62"]
[Black "Kutayozkurt40"]
[Result "0-1"]
[WhiteElo "1583"]
[BlackElo "1555"]
[Annotator "NA RC"]
[PlyCount "50"]
[EventDate "2020.05.22"]
[EventType "swiss (blitz)"]
[TimeControl "180+2"]

1. e4 c5 2. Nf3 Nc6 3. d4 cxd4 4. Nxd4 e5 5. Nxc6 bxc6 6. Nc3 Nf6 7. Bd3 Bb4 8. Bd2 O-O 9. O-O d5 10. exd5 cxd5 11. a3 Bxc3 12. Bxc3 d4 13. Bb4 Re8 14. Bb5 Re6 15. Qf3 Rb8 16. Bc4 Bb7 17. Qe2 Rc6 18. b3 Qc7 19. Rfe1 a5 20. Bd2 Rc5 21. b4 Rxc4 22. bxa5 Qc6 23. f3 Rxc2 24. Qd3 Ba6 25. Qe3 dxe3 {[%emt 0:00:03] Time (Lag: Av=0.63s, max=0.9s)} 0-1

[Event "Is Bankasi Online Satranc Turn 17-18 YAS"]
[Site "T#646243Mustafa Kemal"]
[Date "2020.05.22"]
[Round "4"]
[White "Atahanbulut70"]
[Black "Mahmutemrekord40"]
[Result "1-0"]
[WhiteElo "1427"]
[BlackElo "1427"]
[Annotator "NA RC"]
[PlyCount "113"]
[EventDate "2020.05.22"]
[EventType "swiss (blitz)"]
[TimeControl "180+2"]

1. e4 e5 2. Nf3 Nc6 3. Nc3 Nf6 4. Bb5 Bb4 5. a3 Bxc3 6. bxc3 a6 7. Bxc6 dxc6 8. Bb2 Bg4 9. h3 Bxf3 10. Qxf3 g6 11. d3 Nh5 12. c4 b5 13. Bxe5 O-O 14. g4 Ng7 15. Qf4 f6 16. Bxc7 Qe8 17. Bd6 Rf7 18. cxb5 axb5 19. h4 h5 20. gxh5 gxh5 21. Rg1 Kh8 22. Qh6+ Kg8 23. Bc5 Qd7 24. Rb1 Qh3 25. Bd4 Qf3 26. Rg3 Raf8 27. Rxf3 f5 28. exf5 Nxf5 29. Qxc6 Nxd4 30. Qc5 Nxf3+ 31. Ke2 Re7+ 32. Qxe7 Re8 33. Kxf3 Rxe7 34. Kf4 Rf7+ 35. Ke4 Rxf2 36. Kd4 Rxc2 37. Kd5 Rc3 38. Kd4 Rxa3 39. Rc1 b4 40. Rb1 Ra4 41. Kc4 b3+ 42. Kc3 Ra3 43. Kb2 Ra2+ 44. Kxb3 Ra6 45. Rd1 Rb6+ 46. Kc3 Rc6+ 47. Kb3 Rc5 48. Kb4 Rf5 49. d4 Rf4 50. Kc4 Rxh4 51. Kc5 Rf4 52. d5 Rf5 53. Kc6 Rf7 54. d6 Kf8 55. Re1 h4 56. Re3 Rf6 57. Kc7 {[%emt 0:00:01] Zaman (Lag: Av=0.42s, max=0.7s)} 1-0

[Event "Is Bankasi Online Satranc Turn 17-18 YAS"]
[Site "T#646243Mustafa Kemal"]
[Date "2020.05.22"]
[Round "4"]
[White "Mehmetkozak72"]
[Black "Mustafaberkayb82"]
[Result "0-1"]
[WhiteElo "1427"]
[BlackElo "1427"]
[Annotator "NA RC"]
[PlyCount "52"]
[EventDate "2020.05.22"]
[EventType "swiss (blitz)"]
[TimeControl "180+2"]

1. e4 e5 2. f4 d5 3. exd5 Qxd5 4. Nf3 Bc5 5. Nc3 Qd8 6. fxe5 Nc6 7. Bc4 Bg4 8. h3 Bxf3 9. Qxf3 Qh4+ 10. g3 Qxc4 11. d3 Qe6 12. Bf4 O-O-O 13. O-O-O f6 14. exf6 Nxf6 15. Rhe1 Qxh3 16. Na4 Bd6 17. Bxd6 Rxd6 18. Nc5 Nd4 19. Qxb7+ Kd8 20. Qb8+ Qc8 21. Nb7+ Kd7 22. Nc5+ Kd8 23. Nb7+ Kd7 24. Nc5+ Kc6 25. Qb7+ Qxb7 26. Nxb7 Kxb7 {[%emt 0:00:00] Mehmetkozak72 terk eder (Lag: Av=0.45s, max=1.0s)} 0-1

[Event "Is Bankasi Online Satranc Turn 17-18 YAS"]
[Site "T#646243Mustafa Kemal"]
[Date "2020.05.22"]
[Round "5"]
[White "tunaonatnalban08"]
[Black "Alparslanisik80"]
[Result "1/2-1/2"]
[WhiteElo "2038"]
[BlackElo "1862"]
[Annotator "NA RC"]
[PlyCount "197"]
[EventDate "2020.05.22"]
[EventType "swiss (blitz)"]
[TimeControl "180+2"]

1. d4 Nf6 2. Nf3 g6 3. Bf4 Bg7 4. c4 O-O 5. Nc3 d5 6. e3 c5 7. dxc5 Ne4 8. Be5 Bxe5 9. Nxe5 Nxc3 10. bxc3 Qc7 11. Nf3 dxc4 12. Qd4 Nd7 13. Bxc4 Nxc5 14. O-O Rd8 15. Qh4 {[%emt 0:00:05] tunaonatnalban08 beraberlik teklif ediyor} h5 16. Rad1 Be6 17. Bxe6 Nxe6 18. Nd4 Ng7 19. Rc1 Rac8 20. Qe4 b6 21. Rfd1 Ne8 22. h3 Nd6 23. Qc2 Nc4 24. Qb3 Kg7 25. Nb5 Rxd1+ 26. Rxd1 Qb7 27. Na3 Nxa3 28. Qxa3 Rc4 29. Rd4 Rc5 30. Qb2 Qc7 31. Rd1 Rc4 32. Rd4 Rc5 33. Rd1 f6 34. Rd3 Qc6 35. f3 Qa4 36. Qb3 Qxb3 37. axb3 Ra5 38. Rd2 Ra3 39. Rb2 Kf7 40. Kf2 Ke6 41. Ke2 Kd5 42. Kd3 a5 43. g4 b5 44. gxh5 gxh5 45. h4 e5 46. f4 e4+ 47. Kc2 Kc5 48. Rb1 b4 49. Kb2 a4 50. bxa4 Rxc3 51. Rg1 Rxe3 52. Rg6 Kc4 53. Rxf6 Re2+ 54. Kc1 e3 55. Rc6+ Kb3 56. Kd1 Rd2+ 57. Ke1 Kxa4 58. f5 b3 59. f6 b2 60. Rb6 Ka3 61. f7 Rf2 62. Ra6+ Kb3 63. Rb6+ Kc3 64. Rc6+ Kd3 65. Rd6+ Kc4 66. Rb6 Kc3 67. Rc6+ Kb3 68. Rb6+ Kc2 69. Rc6+ Kb1 70. Rc7 Ka1 71. Ra7+ Kb1 72. Rc7 Ka2 73. Ra7+ Kb3 74. Rb7+ Kc3 75. Rc7+ Kd3 76. Rd7+ Kc2 77. Rc7+ Kb1 78. Rb7 Kc1 79. Rc7+ Rc2 80. f8=Q Rxc7 81. Qa3 Kc2 82. Qa4+ Kc1 83. Qa3 Rc4 84. Qxe3+ Kc2 85. Qe2+ Kb3 86. Qd3+ Rc3 87. Qd5+ Kc2 88. Qe4+ Kb3 89. Qd5+ Ka3 90. Qa5+ Kb3 91. Qb5+ Kc2 92. Qe2+ Kb1 93. Qe4+ Ka2 94. Qa4+ Ra3 95. Qc4+ Ka1 96. Qd4 Ka2 97. Qc4+ Ka1 98. Qd4 Ka2 99. Qc4+ {[%emt 0:00:01] (Lag: Av=1.06s, max=2.6s)} 1/2-1/2

[Event "Is Bankasi Online Satranc Turn 17-18 YAS"]
[Site "T#646243Mustafa Kemal"]
[Date "2020.05.22"]
[Round "5"]
[White "Omeramirakdag30"]
[Black "Ahmetemreoztur80"]
[Result "1-0"]
[WhiteElo "1839"]
[BlackElo "1750"]
[Annotator "NA RC"]
[PlyCount "61"]
[EventDate "2020.05.22"]
[EventType "swiss (blitz)"]
[TimeControl "180+2"]

1. d4 d5 2. c4 e6 3. Nc3 Nf6 4. Bg5 Be7 5. Nf3 O-O 6. cxd5 exd5 7. e3 Nbd7 8. Bd3 b6 9. O-O Bb7 10. Qc2 h6 11. Bh4 c5 12. dxc5 bxc5 13. Rfd1 c4 14. Be2 Ne4 15. Bxe7 Qxe7 16. Nxd5 Bxd5 17. Rxd5 Ndf6 18. Rd4 Rae8 19. Bxc4 Rc8 20. Qe2 Qb7 21. h3 Rb8 22. b3 Nc3 23. Qd3 Nfe4 24. a4 Kh8 25. Rc1 Qb4 26. Rxe4 Nxe4 27. Qxe4 Qa3 28. Rd1 Rbe8 29. Qb7 Qb2 30. Rd7 Qa1+ {[%emt 0:00:04] '} 31. Kh2 {[%emt 0:00:01] Zaman (Lag: Av=0.39s, max=0.6s)} 1-0

[Event "Is Bankasi Online Satranc Turn 17-18 YAS"]
[Site "T#646243Mustafa Kemal"]
[Date "2020.05.22"]
[Round "5"]
[White "Dogukangureke78"]
[Black "Hakansimsek70"]
[Result "1/2-1/2"]
[WhiteElo "1769"]
[BlackElo "1717"]
[Annotator "NA RC"]
[PlyCount "125"]
[EventDate "2020.05.22"]
[EventType "swiss (blitz)"]
[TimeControl "180+2"]

1. d4 Nf6 2. c4 e6 3. g3 d5 4. Nf3 dxc4 5. Bg2 c5 6. O-O cxd4 7. Nxd4 Be7 8. Nc3 O-O 9. e4 e5 10. Nf3 Nc6 11. Qe2 Qc7 12. Qxc4 Be6 13. Nd5 Qa5 14. Nxe7+ Nxe7 15. Qe2 Rfd8 16. Bd2 Qb6 17. Bc3 Nc6 18. Nxe5 Nd4 19. Bxd4 Qxd4 20. Nf3 Qxe4 21. Rfe1 Qxe2 22. Rxe2 Bg4 23. h3 Bd7 24. Rae1 Kf8 25. Ne5 Rab8 26. Nxd7+ Rxd7 27. b4 b6 28. a4 Re8 29. Rxe8+ Nxe8 30. Bc6 Re7 31. Rxe7 Kxe7 32. Kg2 Nd6 33. Kf3 Ke6 34. Ke3 Nf5+ 35. Ke4 Nd6+ 36. Kd3 f6 37. Kd4 Nf5+ 38. Kc4 Nd6+ 39. Kc3 Ke5 40. f4+ Kf5 41. a5 bxa5 42. bxa5 Ne4+ 43. Bxe4+ Kxe4 44. Kc4 Kf3 45. Kc5 Kxg3 46. a6 Kxf4 47. Kc6 Kg3 48. Kb7 f5 49. Kxa7 f4 50. Kb7 f3 51. a7 f2 52. a8=Q f1=Q 53. Qb8+ Kxh3 54. Qc8+ Kg2 55. Qc2+ Qf2 56. Qxh7 Qf3+ 57. Kb6 Qf6+ 58. Kc5 g5 59. Qe4+ Kg3 60. Qe3+ Qf3 61. Qxg5+ Kf2 62. Qd5 Qxd5+ 63. Kxd5 {[%emt 0:00:00] (Lag: Av=0.49s, max=0.7s)} 1/2-1/2

[Event "Is Bankasi Online Satranc Turn 17-18 YAS"]
[Site "T#646243Mustafa Kemal"]
[Date "2020.05.22"]
[Round "5"]
[White "Ataberkturkmen48"]
[Black "Canberkgiray40"]
[Result "1-0"]
[WhiteElo "1739"]
[BlackElo "1793"]
[Annotator "NA RC"]
[PlyCount "93"]
[EventDate "2020.05.22"]
[EventType "swiss (blitz)"]
[TimeControl "180+2"]

1. e4 e6 2. d4 d5 3. exd5 exd5 4. Bd3 Nf6 5. Ne2 Bd6 6. Nbc3 c6 7. Bg5 O-O 8. Qd2 Bg4 9. f3 Bh5 10. g4 Bg6 11. Bxg6 fxg6 12. O-O-O Nbd7 13. h4 h6 14. Bf4 Qc7 15. g5 Bxf4 16. Nxf4 Ne4 17. fxe4 Qxf4 18. exd5 cxd5 19. Qxf4 Rxf4 20. Nxd5 Rf2 21. h5 Re8 22. Rd2 Rxd2 23. Kxd2 hxg5 24. hxg6 Nf6 25. Nxf6+ gxf6 26. Rh7 g4 27. Rxb7 g3 28. Rb3 Re4 29. Rxg3 Rxd4+ 30. Kc3 Rd6 31. b4 Kg7 32. a4 Ra6 33. Kb3 f5 34. b5 Rf6 35. a5 f4 36. Rf3 Kxg6 37. c4 Kg5 38. Kb4 Kg4 39. Rf1 Kg3 40. c5 Kg2 41. Ra1 f3 42. c6 f2 43. c7 Rf8 44. b6 axb6 45. axb6 f1=Q 46. Rxf1 Kxf1 47. b7 {[%emt 0:00:01] Canberkgiray40 terk eder (Lag: Av=0.69s, max=1.3s)} 1-0

[Event "Is Bankasi Online Satranc Turn 17-18 YAS"]
[Site "T#646243Mustafa Kemal"]
[Date "2020.05.22"]
[Round "5"]
[White "Emrekocakaplan04"]
[Black "Furkancan12"]
[Result "1/2-1/2"]
[WhiteElo "1728"]
[BlackElo "1645"]
[Annotator "NA RC"]
[PlyCount "105"]
[EventDate "2020.05.22"]
[EventType "swiss (blitz)"]
[TimeControl "180+2"]

1. d4 d5 2. Nf3 Nf6 3. c4 c6 4. g3 g6 5. Bg2 Bg7 6. O-O O-O 7. b3 Ne4 8. Bb2 Be6 9. Nbd2 Nxd2 10. Qxd2 dxc4 11. Ng5 Qd7 12. Nxe6 Qxe6 13. Qb4 b5 14. bxc4 a5 15. Qc5 Qxc4 16. Qxc4 bxc4 17. Rac1 Ra6 18. Rxc4 Rc8 19. Rfc1 h5 20. h4 Bf6 21. Ba3 Rd8 22. e3 e5 23. dxe5 Bxe5 24. R1c2 Rd1+ 25. Kh2 Kh7 26. Bf3 Ra1 27. Bb2 Bxb2 28. Rxb2 Nd7 29. Rxc6 Rxc6 30. Bxc6 Ne5 31. Bg2 Nd3 32. Rd2 Nb4 33. Rd7 Kg7 34. Rd2 Nxa2 35. Bd5 Nb4 36. Bc4 Rc1 37. Bb3 Rc3 38. Ba4 Rc7 39. Kg2 Rc3 40. e4 Ra3 41. Bb5 Rb3 42. Bc4 Rc3 43. Bb5 Rc5 44. Ba4 Rc3 45. Bb5 Ra3 46. e5 Kf8 47. Rd8+ Kg7 48. Rd2 Rc3 49. Rd7 Kf8 50. Rd8+ Kg7 51. Rd7 Kg8 52. Rd8+ Kg7 53. Rd7 {[%emt 0:00:01] (Lag: Av=0.43s, max=0.8s)} 1/2-1/2